 Dungeon Crawl Stone Soup version 0.22-a0-525-gf69a080 (webtiles) character file.

1530 iamserjio the Ruffian (level 8, -3/54 HPs)
             Began as an Octopode Wanderer on June 20, 2018.
             Was an Initiate of Gozag.
             Slain by an ice beast (14 damage)
             ... on level 5 of the Dungeon.
             The game lasted 00:19:17 (7443 turns).

iamserjio the Ruffian (Octopode Wanderer)           Turns: 7443, Time: 00:19:18

Health: -3/54      AC:  1    Str: 13    XL:     8   Next: 85%
Magic:  8/8        EV: 15    Int: 14    God:    Gozag
Gold:   320        SH:  0    Dex: 12    Spells: 7/7 levels left

rFire    . . .     SeeInvis .     - Unarmed
rCold    . . .     Gourm    .   (no shield)
rNeg     . . .     Faith    .   (helmet restricted)
rPois    .         Spirit   .   (no amulet)
rElec    .         Reflect  .   (no ring)
rCorr    .         Harm     .   (no ring)
MR       .....                  (no ring)
Stlth    ++++......             (no ring)
HPRegen  0.18/turn              (no ring)
MPRegen  0.11/turn              (no ring)
                                (no ring)
                                (no ring)

@: no status effects
A: almost no armour, stealthy swim, amphibious, 8 rings, constrict 8, camouflage
1, gelatinous body 1
a: Potion Petition, Call Merchant, Bribe Branch, Renounce Religion


You were on level 5 of the Dungeon.
You worshipped Gozag.
Gozag was aware of your devotion.
You were not hungry.

You visited 1 branch of the dungeon, and saw 5 of its levels.
You also visited: Sewer.

You collected 395 gold pieces.
You paid 75 gold pieces to Gozag.

Inventory:

Hand Weapons
 a - a +2 shortbow
 c - a +0 mace
 j - a cursed -2 spear
Missiles
 b - 116 arrows
 g - 152 stones
 m - 19 poisoned needles
 o - 6 javelins (quivered)
 y - 8 tomahawks
Jewellery
 A - an uncursed ring of positive energy {unknown}
Wands
 x - a wand of enslavement (9)
Scrolls
 d - 9 scrolls of teleportation
 e - 6 scrolls of remove curse {@r2}
 h - a scroll of identify {unknown}
 k - 2 scrolls of noise {unknown}
 q - a scroll of magic mapping {unknown}
 r - 2 scrolls of fear {unknown}
 t - 2 scrolls of blinking {unknown}
 B - a scroll of enchant weapon {unknown}
Potions
 i - 2 potions of agility {unknown}
 l - a potion of resistance {unknown}
 n - a potion of lignification {unknown}
 p - 3 potions of curing {unknown}
 s - 2 potions of magic {unknown}
 u - 3 potions of heal wounds {unknown}
 v - a potion of might {unknown}
 w - a potion of ambrosia {unknown}
 z - a potion of degeneration {unknown}
Comestibles
 f - 10 rations


   Skills:
 + Level 4.5 Fighting
 - Level 3.0 Maces & Flails
 - Level 1.0 Bows
 - Level 1.0 Throwing
 + Level 5.2 Dodging
 + Level 6.7 Stealth
 * Level 7.6 Unarmed Combat


You had 7 spell levels left.
You didn't know any spells.
Your spell library contained the following spells:

 Spells                   Type           Power        Failure   Level  Hunger
 Throw Frost              Conj/Ice       #.....       41%         2    ###....
 Freeze                   Ice            #...         28%         1    ##.....
 Summon Ice Beast         Ice/Summ       #.......     96%         4    #####..
 Ozocubu's Armour         Chrm/Ice       #.......     65%         3    ####...
 Throw Icicle             Conj/Ice       #.......     96%         4    #####..


Dungeon Overview and Level Annotations

Branches:
Dungeon (5/15)
 Temple: D:4-7

Altars:
Elyvilon
Gozag
Makhleb
Nemelex Xobeh
Uskayaw
Wu Jian
Yredelemnul
Zin
The Shining One


Innate Abilities, Weirdness & Mutations

You cannot wear most types of armour.
You are very stealthy in the water. (Stealth+)
You are amphibious.
You can wear up to eight rings at the same time.
You can use your tentacles to constrict eight enemies at once.
Your skin changes colour to match your surroundings (Stealth+).
Your rubbery body absorbs attacks. (AC +1, EV +1)


Message History

You squeeze the ice beast, but do no damage.
The ice beast is almost dead.
The ice beast hits you. The ice beast freezes you!
You closely miss the ice beast. Your squeeze misses the ice beast.
The ice beast is severely wounded.
The ice beast misses you.
You tentacle-slap the ice beast but do no damage.
You squeeze the ice beast, but do no damage.
The ice beast is severely wounded.
The ice beast hits you. The ice beast freezes you!
* * * LOW HITPOINT WARNING * * *
You closely miss the ice beast.
The ice beast is severely wounded.
You tentacle-slap the ice beast but do no damage.
The ice beast is severely wounded.
The ice beast hits you.
* * * LOW HITPOINT WARNING * * *
The ice beast freezes you!
You die...
Your body crumbles into a pile of gold.

..))##......# ##'###......#.....
...[##..##..#.>... ..
....##..##..#....##############..
........#...#>..Z#....#.......#..
........#...#....#....'.......#..
.....##.##..#....#...###..#####..
+###..#.##..#...Y#...###..##.#...
............#...@#...........'...
.###.#.###..#....#..........[#...
.# #.#.# #..#....'...........#...
.###.#.###..#....#...........###'
.....#.)....#....##+####.....#...
.#########..#....# #.....#...
.....#......#....#....##.....##..
.###.#.###.##....#....#####+###..
.# #.#.# #.......#....##.........


You could see an ice beast and a quokka skeleton.

Vanquished Creatures
  Edmund (D:4)
  An ogre (D:4)
  3 phantoms
  A centaur (D:5)
  3 big kobolds (Sewer)
  A bullfrog (D:5)
  2 scorpions (D:5)
  A howler monkey (D:4)
  3 orc priests
  Terence (D:2)
  A centaur skeleton (D:4)
  An iguana (D:5)
  3 orc wizards
  3 worker ants
  A hound skeleton (D:4)
  A gnoll (D:1)
  8 adders
  A shadow imp (D:5)
  3 oozes
  2 adder skeletons (D:4)
  4 worms (D:2)
  5 dart slugs
  7 leopard geckos
  9 orcs
  7 bats
  6 giant cockroaches
  12 goblins
  12 hobgoblins
  4 jackals (D:2)
  4 ball pythons
  2 frilled lizards (D:4)
  12 kobolds
  12 rats
137 creatures vanquished.

Vanquished Creatures (collateral kills)
  A dart slug (D:4)
1 creature vanquished.

Grand Total: 138 creatures vanquished

Notes
Turn   | Place    | Note
-------+----------+-------------------------------------------
     0 | D:1      | iamserjio the Octopode Wanderer began the quest for the Orb.
     0 | D:1      | iamserjio set off with: a +2 shortbow, 25 arrows, a +0 mace, a scroll of teleportation, a ration
     0 | D:1      | Reached XP level 1. HP: 17/17 MP: 1/1
    86 | D:1      | Reached skill level 1 in Unarmed Combat
   181 | D:1      | Reached skill level 1 in Dodging
   181 | D:1      | Reached XP level 2. HP: 17/22 MP: 2/2
   465 | D:1      | Reached skill level 2 in Unarmed Combat
   465 | D:1      | Reached XP level 3. HP: 7/27 MP: 3/3
  1859 | D:2      | Noticed a phantom
  1924 | D:3      | Reached XP level 4. HP: 25/33 MP: 4/4
  2215 | D:3      | Reached skill level 3 in Unarmed Combat
  3248 | D:4      | Noticed an ogre
  3251 | D:4      | Reached XP level 5. HP: 37/37 MP: 5/5
  3276 | D:4      | Found a glowing drain.
  3296 | Sewer    | Entered a sewer
  3661 | Sewer    | Noticed a big kobold
  3674 | Sewer    | Killed a big kobold
  3674 | Sewer    | Reached skill level 4 in Unarmed Combat
  3782 | Sewer    | Reached XP level 6. HP: 19/43 MP: 6/6
  4426 | D:4      | Reached skill level 5 in Unarmed Combat
  4426 | D:4      | Reached XP level 7. HP: 48/48 MP: 7/7
  4989 | D:4      | Noticed Edmund
  5509 | D:4      | Reached skill level 6 in Unarmed Combat
  5532 | D:4      | Killed Edmund
  5532 | D:4      | Reached skill level 5 in Stealth
  5532 | D:4      | Reached XP level 8. HP: 29/54 MP: 8/8
  6191 | D:2      | Found a white marble altar of Elyvilon.
  6317 | D:2      | Found a hide-covered altar of Uskayaw.
  6321 | D:2      | Noticed Terence
  6345 | D:2      | Killed Terence
  6488 | D:2      | Found an opulent altar of Gozag.
  6501 | D:2      | Became a worshipper of Gozag Ym Sagoz the Greedy
  6530 | D:2      | Found a basalt altar of Yredelemnul.
  6536 | D:2      | Found a glowing golden altar of the Shining One.
  6536 | D:2      | Found a sparkling altar of Nemelex Xobeh.
  6537 | D:2      | Found a burning altar of Makhleb.
  6538 | D:2      | Found an ornate altar of the Wu Jian Council.
  6541 | D:2      | Found a glowing silver altar of Zin.
  6657 | D:5      | Entered Level 5 of the Dungeon
  6791 | D:5      | Reached skill level 7 in Unarmed Combat
  6947 | D:5      | Reached skill level 5 in Dodging
  7443 | D:5      | Slain by an ice beast

Vault maps used:
D:1:      lightli_iron_boxes, hangedman_abyss_or_decor_lesser_grid
D:2:      old_standard_altar, grunt_gozag_statues, minitemple, uniq_terence
D:3:      first_ration
D:4:      cheibrodos_old_hovel, gup_sewer_entry_pipe, uniq_edmund
D:5:      kennysheep_small_spiral, minmay_misc_feat_cross,
          nicolae_qazlal_style_of_elements
Sewer:    sewer_co_15_rooms

Skill      XL: |  1  2  3  4  5  6  7  8 |
---------------+-------------------------+-----
Unarmed Combat | 1 2 3 4 5 6 7 |  7.6
Dodging        | 1 2 3 4 5 |  5.2
Stealth        | 2 4 5 6 |  6.7
Fighting       | |  4.5
Maces & Flails | |  3.0
Bows           | |  1.0
Throwing       | |  1.0

Action                   |  1- 3 |  4- 6 |  7- 9 || total
-------------------------+-------+-------+-------++-------
Melee: Mace              |    27 |       |       ||    27
       Constrict         |    18 |    28 |    35 ||    81
       Tentacles         |    13 |    22 |    42 ||    77
       Unarmed           |    43 |   130 |   174 ||   347
       Punch             |       |     3 |     6 ||     9
 Fire: Shortbow          |       |     4 |    27 ||    31
Throw: Javelin           |       |       |     9 ||     9
Evoke: Wand              |       |       |     1 ||     1
  Use: Scroll            |       |       |     1 ||     1
 Stab: Sleeping          |     3 |    14 |     4 ||    21
       Distracted        |       |       |     2 ||     2
  Eat: Chunk             |     3 |     7 |     8 ||    18
       Ration            |       |       |     1 ||     1
Armor: Skin              |     4 |     2 |     6 ||    12
Dodge: Dodged            |    32 |    61 |    97 ||   190

Table legend:
 A = Spawn XP
 B = Non-spawn XP
 C = Spawn XP percentage of total XP
 D = Spawn monster count
 E = Non-spawn monster count
 F = Spawn count percentage of total count
 G = Total turns spent on level
                    A         B        C        D         E        F      G
               +---------+---------+-------+---------+---------+-------+---------
         Total |       0 |    2187 |   0.0 |       0 |     138 |   0.0 |  7443
               +---------+---------+-------+---------+---------+-------+---------
           D:1 |       0 |      44 |   0.0 |       0 |      15 |   0.0 |  1576
           D:2 |       0 |     263 |   0.0 |       0 |      36 |   0.0 |  1054
           D:3 |       0 |     120 |   0.0 |       0 |      25 |   0.0 |  1846
           D:4 |       0 |     721 |   0.0 |       0 |      26 |   0.0 |  1132
           D:5 |       0 |     676 |   0.0 |       0 |      17 |   0.0 |   786
         Sewer |       0 |     363 |   0.0 |       0 |      19 |   0.0 |  1049
               +---------+---------+-------+---------+---------+-------+---------
